Workbook
Name DateEcheance: [1]Plan!$W$981:$AA$1416
Name PlanSo: [1]Plan!$B$4:$D$1418

Sheet Journaux
B6: F | C6: JN | D6: Jours | E6: Date | F6: Mois | G6: N° Compte | H6: Intitulé du compte | I6: N°pièces | J6: Libellé Opération | K6: Débit | L6: Crédit | M6: LT | N6: Date pai.
A7: 2 | B7: =IF(L7>0,"F","") -> F | C7: AC | D7: 1 | E7: 42552 | F7: 42917 | G7: 4011909 | I7: Loyer | J7: Algeco juil-17 Loyer | K7: 0 | L7: 394.5 | M7: R 760 ChqCMCE | N7: 42566
A8: 2 | C8: AC | D8: 1 | E8: 42552 | F8: 42917 | G8: 6132000 | I8: Loyer | J8: Algeco juil-17 Loyer | K8: 394.5 | L8: 0
A9: 2 | C9: AC | D9: 1 | E9: 42552 | F9: 42917 | G9: 4010824 | I9: F0717 | J9: juil-17 F0717 | K9: 0 | L9: 249.996 | M9: R 8029 ChqCA | N9: 42614
A10: 2 | C10: AC | D10: 1 | E10: 42552 | F10: 42917 | G10: 6132000 | I10: F0717 | J10: juil-17 F0717 | K10: 158.33 | L10: 0
A11: 2 | C11: AC | D11: 1 | E11: 42552 | F11: 42917 | G11: 6140000 | I11: F0717 | J11: juil-17 F0717 | K11: 50 | L11: 0
A12: 2 | C12: AC | D12: 1 | E12: 42552 | F12: 42917 | G12: 4456600 | I12: F0717 | J12: juil-17 F0717 | K12: 41.666 | L12: 0
A13: 2 | C13: AC | D13: 20 | E13: 42571 | F13: 42936 | G13: 4016000 | I13: f250 | J13: LEUT | K13: 0 | L13: 211.5 | M13: R 566 ChqCA | N13: 42936
A14: 2 | C14: AC | D14: 20 | E14: 42571 | F14: 42936 | G14: 6071010 | I14: f250 | J14: LEUT | K14: 211.5 | L14: 0
A15: 2 | C15: AC | D15: 20 | E15: 42571 | F15: 42936 | G15: 4456620 | H15: T.V.A. déd. intracommunautaire | I15: f250 | J15: LEUT | K15: 42.3 | L15: 0
A16: 2 | C16: AC | D16: 20 | E16: 42571 | F16: 42936 | G16: 4452000 | H16: T.V.A. due intracommunautaire | I16: f250 | J16: LEUT | K16: 0 | L16: 42.3 | M16: R 566 ChqCA | N16: 42936
A17: 2 | C17: AC | D17: 1 | E17: 42552 | F17: 42917 | G17: 4010217 | I17: F. 07 | J17: BNP juil-17 F. 07 | K17: 0 | L17: 162 | M17: P PrlvBP | N17: 42615
A18: 2 | C18: AC | D18: 1 | E18: 42552 | F18: 42917 | G18: 6122200 | I18: F. 07 | J18: BNP juil-17 F. 07 | K18: 135 | L18: 0
A19: 2 | C19: AC | D19: 1 | E19: 42552 | F19: 42917 | G19: 4456600 | I19: F. 07 | J19: BNP juil-17 F. 07 | K19: 27 | L19: 0
A20: 2 | C20: AC | D20: 12 | E20: 42563 | F20: 42928 | G20: 4010609 | I20: Fact 07 | J20: juil-17 Fact 07 | K20: 0 | L20: 19.992 | M20: P PrlvCA | N20: 42565
A21: 2 | C21: AC | D21: 12 | E21: 42563 | F21: 42928 | G21: 6261000 | I21: Fact 07 | J21: juil-17 Fact 07 | K21: 16.66 | L21: 0
A22: 2 | C22: AC | D22: 12 | E22: 42563 | F22: 42928 | G22: 4456600 | I22: Fact 07 | J22: juil-17 Fact 07 | K22: 3.332 | L22: 0
A23: 2 | B23: F | C23: AC | D23: 4 | E23: 42555 | F23: 42920 | G23: 4011903 | I23: Loyer | J23: juil-17 Loyer | K23: 0 | L23: 864.564
A24: 2 | C24: AC | D24: 4 | E24: 42555 | F24: 42920 | G24: 6131000 | I24: Loyer | J24: juil-17 Loyer | K24: 720.47 | L24: 0
A25: 2 | C25: AC | D25: 4 | E25: 42555 | F25: 42920 | G25: 4456600 | I25: Loyer | J25: juil-17 Loyer | K25: 144.094 | L25: 0
A26: 2 | C26: AC | D26: 28 | E26: 42579 | F26: 42944 | G26: 4011401 | I26: Fact 07 | J26: juil-17 Fact 07 | K26: 0 | L26: 15.99
A27: 2 | C27: AC | D27: 28 | E27: 42579 | F27: 42944 | G27: 6261000 | I27: Fact 07 | J27: juil-17 Fact 07 | K27: 13.33 | L27: 0
A28: 2 | C28: AC | D28: 28 | E28: 42579 | F28: 42944 | G28: 4456600 | I28: Fact 07 | J28: juil-17 Fact 07 | K28: 2.66 | L28: 0
A29: 2 | C29: AC | D29: 1 | E29: 42552 | F29: 42917 | G29: 6160000 | I29: fact07 | J29: 106 fact07 | K29: 282 | L29: 0
A30: 2 | B30: F | C30: AC | D30: 1 | E30: 42552 | F30: 42917 | G30: 4011306 | I30: fact07 | J30: 106 fact07 | K30: 0 | L30: 282

Sheet Echeancier
B2: Date du jour
B3: =NOW() -> 42926.724 | E3: Montant total -----------> | F3: =SUM(O10:O1525) -> 1146.564
E4: dus frs/suivant filtre | F4: =SUBTOTAL(9,O10:O1525) -> 1146.564
A9: F | B9: N° PIECES | C9: N° COMPTE | D9: INTITULE CP | E9: Libéllé Opération. | F9: TOTAL TTC | G9: DATE Facture | H9: DATE Écheance | I9: Retard en jours | J9: TOTA A PAYER | K9: Date de paiement | L9: Mode & n° de Rglt | M9: Acompte | N9: Date | O9: SOLDE
A10: =IF(Journaux!B7="F","F","") -> F | B10: =IF(Journaux!$B7="F",Journaux!I7,"") -> Loyer | C10: =IF(Journaux!$B7="F",Journaux!G7,"") -> 4011909 | E10: =IF(Journaux!$B7="F",Journaux!J7,"") -> Algeco juil-17 Loyer | F10: =IF(Journaux!$B7="F",Journaux!L7,"") -> 394.5 | G10: =IF(Journaux!$B7="F",Journaux!E7,"") -> 42552 | H10: =IF(G10="","",IF(VLOOKUP(C10,DateEcheance,4,0)=0,G10+VLOOKUP(C10,DateEcheance,5,0),EOMONTH(G10,VLOOKUP(C10,DateEcheance,4,0))+VLOOKUP(C10,DateEcheance,5,0))) -> 42567 | I10: =IF(AND($B$3>H10,K10=""),""&DATEDIF(H10,$B$3,"d")&" jours","") | J10: =IF(L10<>"","Payé le",F10) -> Payé le | K10: =IF(Journaux!$B7="F",Journaux!N7,"") -> 42566 | L10: =IF(Journaux!$B7="F",Journaux!M7,"") -> R 760 ChqCMCE | O10: =IF(ISTEXT(J10),0,IF(AND(J10<=0,M10=0),J10-M10,J10-M10)) -> 0
A11: =IF(Journaux!B8="F","F","") | B11: =IF(Journaux!$B8="F",Journaux!I8,"") | C11: =IF(Journaux!$B8="F",Journaux!G8,"") | E11: =IF(Journaux!$B8="F",Journaux!J8,"") | F11: =IF(Journaux!$B8="F",Journaux!L8,"") | G11: =IF(Journaux!$B8="F",Journaux!E8,"") | H11: =IF(G11="","",IF(VLOOKUP(C11,DateEcheance,4,0)=0,G11+VLOOKUP(C11,DateEcheance,5,0),EOMONTH(G11,VLOOKUP(C11,DateEcheance,4,0))+VLOOKUP(C11,DateEcheance,5,0))) | I11: =IF(AND($B$3>H11,K11=""),""&DATEDIF(H11,$B$3,"d")&" jours","") | J11: =IF(L11<>"","Payé le",F11) | K11: =IF(Journaux!$B8="F",Journaux!N8,"") | L11: =IF(Journaux!$B8="F",Journaux!M8,"") | O11: =IF(ISTEXT(J11),0,IF(AND(J11<=0,M11=0),J11-M11,J11-M11)) -> 0
A12: =IF(Journaux!B9="F","F","") | B12: =IF(Journaux!$B9="F",Journaux!I9,"") | C12: =IF(Journaux!$B9="F",Journaux!G9,"") | E12: =IF(Journaux!$B9="F",Journaux!J9,"") | F12: =IF(Journaux!$B9="F",Journaux!L9,"") | G12: =IF(Journaux!$B9="F",Journaux!E9,"") | H12: =IF(G12="","",IF(VLOOKUP(C12,DateEcheance,4,0)=0,G12+VLOOKUP(C12,DateEcheance,5,0),EOMONTH(G12,VLOOKUP(C12,DateEcheance,4,0))+VLOOKUP(C12,DateEcheance,5,0))) | I12: =IF(AND($B$3>H12,K12=""),""&DATEDIF(H12,$B$3,"d")&" jours","") | J12: =IF(L12<>"","Payé le",F12) | K12: =IF(Journaux!$B9="F",Journaux!N9,"") | L12: =IF(Journaux!$B9="F",Journaux!M9,"") | O12: =IF(ISTEXT(J12),0,IF(AND(J12<=0,M12=0),J12-M12,J12-M12)) -> 0
A13: =IF(Journaux!B10="F","F","") | B13: =IF(Journaux!$B10="F",Journaux!I10,"") | C13: =IF(Journaux!$B10="F",Journaux!G10,"") | E13: =IF(Journaux!$B10="F",Journaux!J10,"") | F13: =IF(Journaux!$B10="F",Journaux!L10,"") | G13: =IF(Journaux!$B10="F",Journaux!E10,"") | H13: =IF(G13="","",IF(VLOOKUP(C13,DateEcheance,4,0)=0,G13+VLOOKUP(C13,DateEcheance,5,0),EOMONTH(G13,VLOOKUP(C13,DateEcheance,4,0))+VLOOKUP(C13,DateEcheance,5,0))) | I13: =IF(AND($B$3>H13,K13=""),""&DATEDIF(H13,$B$3,"d")&" jours","") | J13: =IF(L13<>"","Payé le",F13) | K13: =IF(Journaux!$B10="F",Journaux!N10,"") | L13: =IF(Journaux!$B10="F",Journaux!M10,"") | O13: =IF(ISTEXT(J13),0,IF(AND(J13<=0,M13=0),J13-M13,J13-M13)) -> 0
A14: =IF(Journaux!B11="F","F","") | B14: =IF(Journaux!$B11="F",Journaux!I11,"") | C14: =IF(Journaux!$B11="F",Journaux!G11,"") | E14: =IF(Journaux!$B11="F",Journaux!J11,"") | F14: =IF(Journaux!$B11="F",Journaux!L11,"") | G14: =IF(Journaux!$B11="F",Journaux!E11,"") | H14: =IF(G14="","",IF(VLOOKUP(C14,DateEcheance,4,0)=0,G14+VLOOKUP(C14,DateEcheance,5,0),EOMONTH(G14,VLOOKUP(C14,DateEcheance,4,0))+VLOOKUP(C14,DateEcheance,5,0))) | I14: =IF(AND($B$3>H14,K14=""),""&DATEDIF(H14,$B$3,"d")&" jours","") | J14: =IF(L14<>"","Payé le",F14) | K14: =IF(Journaux!$B11="F",Journaux!N11,"") | L14: =IF(Journaux!$B11="F",Journaux!M11,"") | O14: =IF(ISTEXT(J14),0,IF(AND(J14<=0,M14=0),J14-M14,J14-M14)) -> 0
A15: =IF(Journaux!B12="F","F","") | B15: =IF(Journaux!$B12="F",Journaux!I12,"") | C15: =IF(Journaux!$B12="F",Journaux!G12,"") | E15: =IF(Journaux!$B12="F",Journaux!J12,"") | F15: =IF(Journaux!$B12="F",Journaux!L12,"") | G15: =IF(Journaux!$B12="F",Journaux!E12,"") | H15: =IF(G15="","",IF(VLOOKUP(C15,DateEcheance,4,0)=0,G15+VLOOKUP(C15,DateEcheance,5,0),EOMONTH(G15,VLOOKUP(C15,DateEcheance,4,0))+VLOOKUP(C15,DateEcheance,5,0))) | I15: =IF(AND($B$3>H15,K15=""),""&DATEDIF(H15,$B$3,"d")&" jours","") | J15: =IF(L15<>"","Payé le",F15) | K15: =IF(Journaux!$B12="F",Journaux!N12,"") | L15: =IF(Journaux!$B12="F",Journaux!M12,"") | O15: =IF(ISTEXT(J15),0,IF(AND(J15<=0,M15=0),J15-M15,J15-M15)) -> 0
A16: =IF(Journaux!B13="F","F","") | B16: =IF(Journaux!$B13="F",Journaux!I13,"") | C16: =IF(Journaux!$B13="F",Journaux!G13,"") | E16: =IF(Journaux!$B13="F",Journaux!J13,"") | F16: =IF(Journaux!$B13="F",Journaux!L13,"") | G16: =IF(Journaux!$B13="F",Journaux!E13,"") | H16: =IF(G16="","",IF(VLOOKUP(C16,DateEcheance,4,0)=0,G16+VLOOKUP(C16,DateEcheance,5,0),EOMONTH(G16,VLOOKUP(C16,DateEcheance,4,0))+VLOOKUP(C16,DateEcheance,5,0))) | I16: =IF(AND($B$3>H16,K16=""),""&DATEDIF(H16,$B$3,"d")&" jours","") | J16: =IF(L16<>"","Payé le",F16) | K16: =IF(Journaux!$B13="F",Journaux!N13,"") | L16: =IF(Journaux!$B13="F",Journaux!M13,"") | O16: =IF(ISTEXT(J16),0,IF(AND(J16<=0,M16=0),J16-M16,J16-M16)) -> 0
A17: =IF(Journaux!B14="F","F","") | B17: =IF(Journaux!$B14="F",Journaux!I14,"") | C17: =IF(Journaux!$B14="F",Journaux!G14,"") | E17: =IF(Journaux!$B14="F",Journaux!J14,"") | F17: =IF(Journaux!$B14="F",Journaux!L14,"") | G17: =IF(Journaux!$B14="F",Journaux!E14,"") | H17: =IF(G17="","",IF(VLOOKUP(C17,DateEcheance,4,0)=0,G17+VLOOKUP(C17,DateEcheance,5,0),EOMONTH(G17,VLOOKUP(C17,DateEcheance,4,0))+VLOOKUP(C17,DateEcheance,5,0))) | I17: =IF(AND($B$3>H17,K17=""),""&DATEDIF(H17,$B$3,"d")&" jours","") | J17: =IF(L17<>"","Payé le",F17) | K17: =IF(Journaux!$B14="F",Journaux!N14,"") | L17: =IF(Journaux!$B14="F",Journaux!M14,"") | O17: =IF(ISTEXT(J17),0,IF(AND(J17<=0,M17=0),J17-M17,J17-M17)) -> 0
A18: =IF(Journaux!B15="F","F","") | B18: =IF(Journaux!$B15="F",Journaux!I15,"") | C18: =IF(Journaux!$B15="F",Journaux!G15,"") | E18: =IF(Journaux!$B15="F",Journaux!J15,"") | F18: =IF(Journaux!$B15="F",Journaux!L15,"") | G18: =IF(Journaux!$B15="F",Journaux!E15,"") | H18: =IF(G18="","",IF(VLOOKUP(C18,DateEcheance,4,0)=0,G18+VLOOKUP(C18,DateEcheance,5,0),EOMONTH(G18,VLOOKUP(C18,DateEcheance,4,0))+VLOOKUP(C18,DateEcheance,5,0))) | I18: =IF(AND($B$3>H18,K18=""),""&DATEDIF(H18,$B$3,"d")&" jours","") | J18: =IF(L18<>"","Payé le",F18) | K18: =IF(Journaux!$B15="F",Journaux!N15,"") | L18: =IF(Journaux!$B15="F",Journaux!M15,"") | O18: =IF(ISTEXT(J18),0,IF(AND(J18<=0,M18=0),J18-M18,J18-M18)) -> 0
A19: =IF(Journaux!B16="F","F","") | B19: =IF(Journaux!$B16="F",Journaux!I16,"") | C19: =IF(Journaux!$B16="F",Journaux!G16,"") | E19: =IF(Journaux!$B16="F",Journaux!J16,"") | F19: =IF(Journaux!$B16="F",Journaux!L16,"") | G19: =IF(Journaux!$B16="F",Journaux!E16,"") | H19: =IF(G19="","",IF(VLOOKUP(C19,DateEcheance,4,0)=0,G19+VLOOKUP(C19,DateEcheance,5,0),EOMONTH(G19,VLOOKUP(C19,DateEcheance,4,0))+VLOOKUP(C19,DateEcheance,5,0))) | I19: =IF(AND($B$3>H19,K19=""),""&DATEDIF(H19,$B$3,"d")&" jours","") | J19: =IF(L19<>"","Payé le",F19) | K19: =IF(Journaux!$B16="F",Journaux!N16,"") | L19: =IF(Journaux!$B16="F",Journaux!M16,"") | O19: =IF(ISTEXT(J19),0,IF(AND(J19<=0,M19=0),J19-M19,J19-M19)) -> 0
A20: =IF(Journaux!B17="F","F","") | B20: =IF(Journaux!$B17="F",Journaux!I17,"") | C20: =IF(Journaux!$B17="F",Journaux!G17,"") | E20: =IF(Journaux!$B17="F",Journaux!J17,"") | F20: =IF(Journaux!$B17="F",Journaux!L17,"") | G20: =IF(Journaux!$B17="F",Journaux!E17,"") | H20: =IF(G20="","",IF(VLOOKUP(C20,DateEcheance,4,0)=0,G20+VLOOKUP(C20,DateEcheance,5,0),EOMONTH(G20,VLOOKUP(C20,DateEcheance,4,0))+VLOOKUP(C20,DateEcheance,5,0))) | I20: =IF(AND($B$3>H20,K20=""),""&DATEDIF(H20,$B$3,"d")&" jours","") | J20: =IF(L20<>"","Payé le",F20) | K20: =IF(Journaux!$B17="F",Journaux!N17,"") | L20: =IF(Journaux!$B17="F",Journaux!M17,"") | O20: =IF(ISTEXT(J20),0,IF(AND(J20<=0,M20=0),J20-M20,J20-M20)) -> 0
A21: =IF(Journaux!B18="F","F","") | B21: =IF(Journaux!$B18="F",Journaux!I18,"") | C21: =IF(Journaux!$B18="F",Journaux!G18,"") | E21: =IF(Journaux!$B18="F",Journaux!J18,"") | F21: =IF(Journaux!$B18="F",Journaux!L18,"") | G21: =IF(Journaux!$B18="F",Journaux!E18,"") | H21: =IF(G21="","",IF(VLOOKUP(C21,DateEcheance,4,0)=0,G21+VLOOKUP(C21,DateEcheance,5,0),EOMONTH(G21,VLOOKUP(C21,DateEcheance,4,0))+VLOOKUP(C21,DateEcheance,5,0))) | I21: =IF(AND($B$3>H21,K21=""),""&DATEDIF(H21,$B$3,"d")&" jours","") | J21: =IF(L21<>"","Payé le",F21) | K21: =IF(Journaux!$B18="F",Journaux!N18,"") | L21: =IF(Journaux!$B18="F",Journaux!M18,"") | O21: =IF(ISTEXT(J21),0,IF(AND(J21<=0,M21=0),J21-M21,J21-M21)) -> 0
... A33: =IF(Journaux!B30="F","F","") -> F | B33: =IF(Journaux!$B30="F",Journaux!I30,"") -> fact07 | C33: =IF(Journaux!$B30="F",Journaux!G30,"") -> 4011306 | E33: =IF(Journaux!$B30="F",Journaux!J30,"") -> 106 fact07 | F33: =IF(Journaux!$B30="F",Journaux!L30,"") -> 282 | G33: =IF(Journaux!$B30="F",Journaux!E30,"") -> 42552 | H33: =IF(G33="","",IF(VLOOKUP(C33,DateEcheance,4,0)=0,G33+VLOOKUP(C33,DateEcheance,5,0),EOMONTH(G33,VLOOKUP(C33,DateEcheance,4,0))+VLOOKUP(C33,DateEcheance,5,0))) -> 42552 | I33: =IF(AND($B$3>H33,K33=""),""&DATEDIF(H33,$B$3,"d")&" jours","") -> 374 jours | J33: =IF(L33<>"","Payé le",F33) -> 282 | K33: =IF(Journaux!$B30="F",Journaux!N30,"") | L33: =IF(Journaux!$B30="F",Journaux!M30,"") | O33: =IF(ISTEXT(J33),0,IF(AND(J33<=0,M33=0),J33-M33,J33-M33)) -> 282

Sheet Feuil3
